 Dungeon Crawl Stone Soup version 0.23.2-40-g277498a001 (webtiles) character file.

Game seed: 6455962234312691003

564337 Htamos the Wrestler (level 25, -7/297 HPs)
             Began as a Troll Berserker on Aug 23, 2019.
             Was an Elder of Trog.
             Killed from afar by an orb of fire (21 damage)
             ... with a fireball
             ... on level 5 of the Realm of Zot.
             The game lasted 04:49:30 (59425 turns).

Htamos the Wrestler (Troll Berserker)              Turns: 59425, Time: 04:49:32

Health: -7/297     AC: 20    Str: 35 (36) XL:     25   Next: 44%
Magic:  19/19      EV: 10    Int:  4      God:    Trog [****..]
Gold:   1819       SH: 33    Dex: 14 (15) Spells: 24/24 levels left

rFire    + + .     SeeInvis .     - Unarmed
rCold    + + .     Gourm    +   l - +8 large shield
rNeg     . . .     Faith    .   V - +0 gold dragon scales
rPois    +         Spirit   .   y - +1 hat "Maipp" {Int+4}
rElec    +         Reflect  .   X - +2 cloak {MR+}
rCorr    +         Harm     .   (gloves unavailable)
MR       +++++     Rnd*Rage +   (boots unavailable)
Stlth    ..........             C - amulet of Vitality {Regen+ HP+15}
HPRegen  2.39/turn              I - ring "Bulaggaj" {Dex+5 Slay+2}
MPRegen  0.16/turn              o - ring of protection from magic

@: silence, resistant, regenerating
A: large, unfitting armour, claws 3, horns 1, thin metallic scales 1, berserk 1,
clumsy 1, deformed body, deterioration 1, dopey 2, fast metabolism 3, gourmand,
low mp 1, regeneration 1, screaming 1, shaggy fur 1, tough skin 3, subdued magic
1
}: 3/15 runes: decaying, serpentine, silver
a: Renounce Religion


You were on level 5 of the Realm of Zot.
You worshipped Trog.
Trog was greatly pleased with you.
You were not hungry.

You visited 9 branches of the dungeon, and saw 49 of its levels.
You also visited: Ice Cave and Volcano.

You collected 6173 gold pieces.
You spent 4354 gold pieces at shops.

Inventory:

Hand Weapons
 c - a +9 quick blade of freezing
Armour
 l - a +8 large shield (worn)
 n - a +1 cloak of poison resistance
 u - a +2 troll leather armour
 y - the +1 hat "Maipp" (worn) {Int+4}
   (You found it in an ice cave)

   It affects your intelligence (+4).
 A - the +3 cloak of Wrong Decisions {+Blink rN+ rCorr SInv}
   (You found it on level 5 of the Realm of Zot)

   It protects you from negative energy.
   It lets you see invisible.
   It lets you blink.
   It provides partial protection from all sources of acid and corrosion.
 V - +0 gold dragon scales (worn)
 X - a +2 cloak of magic resistance (worn)
Jewellery
 g - the ring "Eseihoj" {rPois rN++ EV+2 Dex-4 Stlth+}
   (You took it off a deep elf sorcerer on level 3 of the Elven Halls)

   [ring of evasion]

   It affects your evasion (+2).
   It affects your dexterity (-4).
   It protects you from poison.
   It greatly protects you from negative energy.
   It makes you more stealthy.
 h - a +3 ring of slaying
 m - an uncursed ring of positive energy
 o - a ring of protection from magic (right claw)
 C - the amulet of Vitality (around neck) {Regen+ HP+15}
   (You bought it in a shop on level 1 of the Vaults)

   [amulet of regeneration]

   It affects your health (+15).
   It increases your rate of regeneration.
 F - an uncursed ring of protection from magic
 I - the ring "Bulaggaj" (left claw) {Dex+5 Slay+2}
   (You took it off a naga sharpshooter on level 3 of the Snake Pit)

   [ring of dexterity]

   It affects your dexterity (+5).
   It affects your accuracy and damage with ranged weapons and melee attacks
   (+2).
 L - an uncursed ring of protection from cold
 P - the amulet "Igouj" {Harm *Drain Int+5}
   (You took it off a frost giant on level 3 of the Depths)

   [amulet of harm]

   It increases damage dealt and taken.
   It affects your intelligence (+5).
   It causes draining when unequipped.
 Q - the ring "Pouhuc" {Fire +Fly rN+ Int+2 Dex+4}
   (You found it on level 10 of the Dungeon)

   [ring of fire]

   It enhances your fire magic.
   It affects your intelligence (+2).
   It affects your dexterity (+4).
   It protects you from fire.
   It makes you vulnerable to cold.
   It protects you from negative energy.
   It lets you fly.
 W - an uncursed ring of fire
Wands
 f - a wand of random effects (73)
 p - a wand of digging (32)
 B - a wand of iceblast (55)
 D - a wand of disintegration (88)
 N - a wand of polymorph (14)
 O - a wand of flame (98)
 R - a wand of acid (29)
 U - a wand of paralysis (32)
Scrolls
 i - 22 scrolls of remove curse
 s - a scroll of silence
 x - 2 scrolls of immolation
 E - a scroll of magic mapping
 H - a scroll of brand weapon
 T - 3 scrolls of enchant weapon
 Y - 11 scrolls of identify
 Z - 4 scrolls of fog
Potions
 e - 7 potions of brilliance
 j - 2 potions of might
 q - 7 potions of flight
 v - 18 potions of curing
 w - 5 potions of cancellation
 z - 2 potions of resistance
 G - 5 potions of lignification
 J - 3 potions of magic
 M - 3 potions of agility
 S - a potion of berserk rage
Miscellaneous
 a - a lamp of fire
 d - a box of beasts
 r - a phial of floods
 K - a phantom mirror
Comestibles
 b - 78 rations


   Skills:
 + Level 22.0 Fighting
 + Level 6.9 Armour
 - Level 12.1 Dodging
 * Level 19.8 Shields
 - Level 23.0 Unarmed Combat


You had 24 spell levels left.
You didn't know any spells.
Your spell library was empty.

Dungeon Overview and Level Annotations

Branches:
Dungeon (15/15)            Temple (0/1) D:4            Lair (6/6) D:10
  Swamp (4/4) Lair:3        Snake (4/4) Lair:4        Slime (0/5) Lair:6
    Orc (2/2) D:10            Elf (3/3) Orc:2        Vaults (5/5) D:13
  Crypt (0/3) Vaults:3     Depths (5/5) D:15            Zot (5/5) Depths:5

Altars:
Ashenzari
Cheibriados
Elyvilon
Fedhas
Gozag
Kikubaaqudgha
Makhleb
Okawaru
Qazlal
Trog
Uskayaw
Wu Jian
Xom
Yredelemnul
Zin
Beogh

Shops:
D:10 ?[   D:14 ?   Orc:2 [**(   Elf:3 *   Snake:4 :   Vaults:1 ?*(?
Depths:2 =

Portals:
Hell: Lair:6 Depths:1 Depths:2 Depths:3 Depths:5
Abyss: Depths:3 Depths:5
Pandemonium: Depths:3
Ziggurat: Depths:2

Annotations:
Lair:3 1 runed translucent door, Queq Uja's ghost, journeyman DEEn
Elf:1 3 runed translucent doors, DawwaD's ghost, journeyman MiBe; Fuonemn's ghost, veteran DDBe
Elf:2 3 runed translucent doors
Depths:1 3 runed translucent doors
Depths:4 Mara; Xtahua
Zot:3 1 runed translucent door, Rihien's ghost, legendary DsWn


Innate Abilities, Weirdness & Mutations

You are too large for most types of armour.
You have claws for hands.
Your metabolism is lightning-fast.
You like to eat raw meat.
Your natural rate of healing is unusually fast.
You are covered in fur. (AC +1)
You have extremely tough skin. (AC +3)
You have a pair of small horns on your head.
You are partially covered in thin metallic scales. (AC +2)
You tend to lose your temper in combat.
You are clumsy. (Dex -2)
Armour fits poorly on your strangely shaped body.
Your body sometimes deteriorates upon taking damage.
You are very dopey. (Int -4)
Your magical capacity is low. (-10% MP)
You occasionally shout uncontrollably at your foes.
Your spells are a little easier to cast, but a little less powerful.


Message History

The bolt of fire hits you!! You resist.
* * * LOW HITPOINT WARNING * * *
Your body deteriorates!
You feel clumsy.
Unknown command.
You feel better.
The orb of fire glows deep purple.
Strange energies course through your body.
Your connection to magic feels subdued.
Okay, then.
Okay, then.
Okay, then.
Evoke which item? (* to show all) (? for menu, Esc to quit)
You open the lid... ...and a larval batshock beast flies out!
The Orb Guardian hits your larval batshock beast!!
Your larval batshock beast dies!
Your larval batshock beast's corpse disappears in a puff of smoke!
The orb of fire emits a lurid red light.
The fireball explodes!
The fireball engulfs you!! You resist.
You die...

#######..#.##.##.≈≈≈§§..........#
......#..#.......#§§§.^.........#
#####.#..####.#..##§§...........#
......#..####.#..####§..........#
##....#.......#..# #..⌠........)
##.##.#.####..#..# #............
##.......# #..#..# #............
#####.#######.#..####.d.....)....
......<.........@*§Xp.#####.#####
###############▓▓▓▓########.#####
,,,,,,,,,,,,,,** *...........).
,,,,,,,,,,,,,,,** *#........d...
,,,,,,,,,,,,,,,,** #............
,,,,,,,,,,,,,,,,,* ##..^........
,,,,,,,,,,,,,,,,,* #...........
,,,,,,,,,,,,,,,,,* *#...........
,,,,,,,,,,,,,,,,,* #............


You could see an orb of fire, a Killer Klown, a yellow draconian and an Orb
Guardian.

Vanquished Creatures
  2 orbs of fire
  An ancient lich (Zot:5)
  Mennas (Vaults:3)
  2 greater mummies (Depths:2)
  Boris (twice) (Vaults:4 Depths:1)
  Margery (Depths:3)
  A curse toe (Zot:1)
  6 golden dragons
  Nikola (Snake:2)
  2 bone dragons (Depths:5)
  2 liches
  9 tentacled monstrosities
  An Ice Fiend (IceCv)
  2 deep elf blademasters (Elf:3)
  8 Orb Guardians (Zot:5)
  3 deep elf master archers
  2 titans
  2 quicksilver dragons
  5 sphinxes
  Gastronok (Lair:3)
  8 storm dragons
  7 death cobs
  9 shadow dragons
  3 thorn hunters
  Agnes (Elf:1)
  Donald (Snake:2)
  15 nagarajas (Snake:4)
  5 tengu reavers
  A storm dragon (shapeshifter) (Depths:3)
  7 draconian monks
  11 fire giants
  6 deep elf sorcerers
  A ghost moth (Zot:4)
  9 vault wardens
  10 frost giants
  An iron dragon (Depths:3)
  3 draconian scorchers
  3 draconian knights
  3 draconian stormcallers
  5 draconian shifters
  Louise (Snake:1)
  5 deep elf elementalists
  3 draconian annihilators
  13 ironheart preservers
  12 very ugly things
  14 stone giants
  2 war gargoyles
  A vampire knight (Depths:4)
  11 deep elf annihilators
  11 deep elf demonologists
  2 lorocyprocas (Depths:3)
  10 black draconians
  9 purple draconians
  3 entropy weavers
  8 green draconians
  11 white draconians
  6 yellow draconians
  10 red draconians
  7 ettins
  6 spark wasps
  2 green deaths (Swamp:4)
  11 deep elf death magi
  2 death oozes (Swamp:4)
  10 fire dragons
  Josephine (Orc:2)
  2 mummy priests (Depths:2)
  10 yaktaur captains
  A crystal guardian (Depths:3)
  9 great orbs of eyes
  A fire dragon (shapeshifter) (Depths:3)
  3 deep elf high priests
  Fannar (D:10)
  A catoblepas (D:15)
  2 rakshasas
  20 hydras
  A shambling mangrove (Swamp:3)
  8 ice dragons
  22 naga warriors
  2 hell beasts
  15 vault guards (Vaults:5)
  3 spriggan air magi
  5 anacondas
  An anaconda (shapeshifter) (Depths:3)
  13 centaur warriors
  A death yak (Lair:6)
  3 deep troll shamans
  A two-headed ogre (shapeshifter) (Depths:3)
  14 alligators
  A queen ant (Lair:2)
  A small abomination (Elf:3)
  3 orc high priests (Orc:2)
  15 naga sharpshooters
  12 ogre magi
  37 two-headed ogres
  3 tengu warriors
  2 hell hogs (Depths:1)
  13 dancing weapons
  A vampire mage (Depths:2)
  12 spriggans
  2 spriggan berserkers
  A thrashing horror (Swamp:4)
  4 deep troll earth magi
  5 shock serpents
  14 deep elf knights
  10 hell knights
  3 salamander mystics
  An unseen horror (shapeshifter) (Vaults:2)
  2 shadow wraiths (Vaults:4)
  17 deep trolls
  3 unseen horrors
  A sea snake (Snake:1)
  2 skeletal warriors (Volcano)
  7 swamp dragons
  6 deep elf archers
  5 wizards
  A flayed ghost (Depths:5)
  An anaconda skeleton (Volcano)
  5 glowing orange brains
  13 ironbrand convokers
  7 naga ritualists
  A harpy (shapeshifter) (Vaults:3)
  11 orc knights
  A lindwurm (shapeshifter) (Vaults:5)
  A phantasmal warrior (Vaults:5)
  3 necromancers
  3 harpies (Vaults:2)
  8 mana vipers
  49 ugly things
  4 wolf spiders
  A wolf spider (shapeshifter) (Elf:2)
  2 manticores (shapeshifter) (Vaults:5)
  A cyclops (shapeshifter) (Depths:5)
  53 deep elf magi
  An oklob plant (Lair:5)
  13 salamanders
  20 black mambas
  20 moths of wrath
  32 slime creatures
  A salamander (shapeshifter) (Vaults:2)
  9 cyclopes
  2 manticores
  An elephant (shapeshifter) (Depths:3)
  3 orc sorcerers (Orc:2)
  3 centaur zombies
  An ice statue (IceCv)
  11 naga magi
  A smoke demon (Lair:6)
  24 spiny frogs
  9 vault sentinels
  A water nymph (shapeshifter) (Depths:3)
  5 guardian serpents
  A kobold demonologist (D:12)
  4 orange demons
  11 gargoyles
  An efreet (Depths:3)
  35 yaktaurs
  11 komodo dragons
  8 anaconda simulacra (IceCv)
  A redback zombie (D:15)
  7 rime drakes
  8 freezing wraiths
  3 red devils (Lair:6)
  2 golden dragon simulacra (IceCv)
  3 tengu conjurers
  A harpy zombie (D:15)
  8 ice devils
  7 tyrant leeches
  9 trolls
  A polar bear (shapeshifter) (Vaults:1)
  A queen bee (shapeshifter) (Vaults:1)
  15 hornets
  A meliai (shapeshifter) (Depths:1)
  A polar bear (Lair:5)
  A tengu simulacrum (Vaults:3)
  4 harpy skeletons
  15 blink frogs
  A hornet (shapeshifter) (Depths:4)
  4 bog bodies (Swamp:4)
  9 hippogriffs
  A meliai zombie (D:13)
  3 flying skulls (Volcano)
  2 redbacks (shapeshifter)
  An alligator skeleton (Volcano)
  2 air elementals
  A redback (Vaults:3)
  5 shadows
  A tarantella (shapeshifter) (Vaults:1)
  4 water elementals
  4 wraiths (Orc:2)
  3 wyverns
  3 vampires
  A tarantella (Vaults:4)
  45 yaks
  A hog (shapeshifter) (Vaults:2)
  3 hogs (D:7)
  A human (D:7)
  3 dire elephant simulacra (IceCv)
  5 fire elementals
  3 basilisks
  2 fire bats (Elf:3)
  11 vampire mosquitoes
  A death yak simulacrum (IceCv)
  2 hydra simulacra (IceCv)
  Menkaure (D:5)
  17 swamp worms
  3 wargs
  2 harpy simulacra (IceCv)
  5 large abominations
  An acid dragon (Vaults:1)
  6 soldier ants
  12 hell hounds
  77 nagas
  20 water moccasins
  An iron troll simulacrum (IceCv)
  12 porcupines
  10 swamp drakes
  28 orc warriors
  3 phantoms
  An ettin simulacrum (IceCv)
  2 necrophages
  2 black bears
  An ice beast (shapeshifter) (Vaults:2)
  5 ice beasts
  A hornet zombie (D:14)
  6 sky beasts
  31 ogres
  17 wolves
  10 boggarts
  18 centaurs
  14 crocodiles
  4 big kobolds
  15 bullfrogs
  A wyvern zombie (D:13)
  7 earth elementals
  A gnoll sergeant (D:7)
  A wyvern skeleton (D:13)
  8 scorpions
  A water moccasin skeleton (D:12)
  2 human simulacra
  6 killer bees (D:10)
  3 troll skeletons (Volcano)
  A swamp dragon simulacrum (IceCv)
  An elf simulacrum (Vaults:4)
  4 howler monkeys
  A spriggan skeleton (Volcano)
  2 crimson imps
  A lava snake (Elf:3)
  A draconian simulacrum (IceCv)
  A bullfrog zombie (D:5)
  22 orc priests
  2 hounds
  4 jellies
  6 centaur skeletons
  Natasha (thrice) (D:3)
  A bullfrog skeleton (D:9)
  5 iguanas
  Ijyb (D:2)
  A troll simulacrum (IceCv)
  20 orc wizards
  12 worker ants
  Terence (D:3)
  A spriggan simulacrum (IceCv)
  2 centaur simulacra
  2 naga skeletons (Volcano)
  2 hound zombies
  2 worker ant zombies
  4 gnolls (D:7)
  2 ogre simulacra (IceCv)
  23 adders
  2 naga simulacra (IceCv)
  2 shadow imps (D:15)
  9 white imps (IceCv)
  9 ufetubi (IceCv)
  3 oozes
  An adder zombie (D:5)
  A worm (D:3)
  2 dart slugs
  4 leopard geckos
  107 orcs
  7 giant cockroaches
  6 goblins
  6 hobgoblins
  15 jackals
  2 quokkas
  2 ball pythons
  12 bats
  6 frilled lizards
  A jackal skeleton (D:5)
  24 kobolds
  2 quokka zombies
  5 rats
  A briar patch (Swamp:4)
  8 crawling corpses
1979 creatures vanquished.

Vanquished Creatures (collateral kills)
  A juggernaut (Depths:5)
  A golden dragon (Zot:2)
  A tentacled monstrosity (Swamp:2)
  Roxanne (Snake:1)
  2 deep elf sorcerers (Elf:3)
  Aizul (Snake:1)
  A draconian annihilator (Zot:5)
  A stone giant (Depths:5)
  A deep elf demonologist (Elf:3)
  2 deep elf annihilators (Elf:3)
  2 white draconians (Zot:3)
  2 deep elf death magi (Elf:3)
  An anaconda (Snake:1)
  3 deep troll shamans (Depths:5)
  3 death yaks (Lair:6)
  2 small abominations (Elf:3)
  3 hell knights (Depths:3)
  An iron troll (Depths:5)
  A deep troll (Depths:5)
  A lindwurm (Lair:6)
  Joseph (D:7)
  4 spiny frogs (Lair:6)
  A komodo dragon (Lair:6)
  2 rime drakes (Lair:6)
  8 blink frogs (Lair:6)
  3 hippogriffs (Lair:6)
  2 redbacks (Vaults:3)
  9 yaks (Lair:6)
  2 water moccasins (Lair:6)
  4 wolves (Lair:6)
  6 crocodiles (Lair:6)
  12 jellies (Lair:6)
  3 crawling corpses (Elf:3)
  A plant (Lair:4)
89 creatures vanquished.

Vanquished Creatures (others)
  A salamander (Snake:2)
  A guardian serpent (Snake:2)
  3 nagas (Snake:2)
  An earth elemental (Elf:1)
  2 kobolds (D:14)
  2 briar patches (Swamp:4)
  2 bushes (Lair:6)
  18 fungi
  14 plants
  6 withered plants (Elf:1)
50 creatures vanquished.

Grand Total: 2118 creatures vanquished

Notes
Turn   | Place    | Note
-------+----------+-------------------------------------------
     0 | D:1      | Htamos the Troll Berserker began the quest for the Orb.
     0 | D:1      | Reached XP level 1. HP: 22/22 MP: 0/0
   381 | D:1      | Reached XP level 2. HP: 29/29 MP: 1/1
   953 | D:2      | Reached XP level 3. HP: 36/36 MP: 2/2
  1048 | D:2      | Reached ** piety under Trog
  1502 | D:3      | Noticed Ijyb
  1539 | D:2      | Killed Ijyb
  1539 | D:2      | Reached XP level 4. HP: 39/44 MP: 3/3
  1635 | D:3      | Noticed Terence
  1647 | D:3      | Killed Terence
  1647 | D:3      | Reached skill level 4 in Unarmed Combat
  1694 | D:3      | Reached XP level 5. HP: 39/50 MP: 4/4
  1934 | D:3      | Noticed Natasha
  1939 | D:3      | Killed Natasha
  1955 | D:3      | Noticed Natasha
  1974 | D:3      | Killed Natasha
  1974 | D:3      | Reached *** piety under Trog
  2214 | D:3      | Reached XP level 6. HP: 59/59 MP: 5/5
  2257 | D:3      | Noticed Natasha
  2278 | D:3      | Killed Natasha
  2391 | D:4      | Reached skill level 5 in Unarmed Combat
  2397 | D:4      | Found an iron altar of Okawaru.
  2444 | D:4      | Noticed a sky beast
  3205 | D:4      | Killed a sky beast
  3469 | D:4      | Found a staircase to the Ecumenical Temple.
  3550 | D:5      | Entered Level 5 of the Dungeon
  3550 | D:5      | Noticed a sky beast
  3555 | D:5      | Killed a sky beast
  3555 | D:5      | Reached skill level 6 in Unarmed Combat
  3555 | D:5      | Reached XP level 7. HP: 66/66 MP: 6/6
  3597 | D:5      | Found an opulent altar of Gozag.
  3606 | D:5      | Reached skill level 5 in Dodging
  3709 | D:5      | Noticed Menkaure
  3961 | D:5      | Killed Menkaure
  4142 | D:5      | Reached skill level 7 in Unarmed Combat
  4164 | D:5      | Reached **** piety under Trog
  4167 | D:5      | Reached XP level 8. HP: 67/75 MP: 7/7
  4372 | D:5      | Found a blossoming altar of Fedhas.
  4780 | D:5      | Got a warped leather armour
  4786 | D:6      | Reached skill level 8 in Unarmed Combat
  4821 | D:6      | Found a shattered altar of Ashenzari.
  4835 | D:6      | Saw a vision of the Swamp and the Snake Pit.
  4835 | D:6      | Noticed an alligator
  4835 | D:6      | Noticed a guardian serpent
  4835 | D:6      | Noticed a naga warrior
  4835 | D:6      | Noticed a salamander
  4835 | D:6      | Noticed a naga warrior
  4835 | D:6      | Noticed a black mamba
  4835 | D:6      | Noticed a shock serpent
  4835 | D:6      | Noticed an anaconda
  4835 | D:6      | Noticed a black mamba
  4923 | D:6      | Found a shimmering altar of Xom.
  5064 | D:6      | Gained mutation: You are robust. (+10% HP) [potion of
                  | mutation]
  5064 | D:6      | Gained mutation: You tend to lose your temper in combat.
                  | [potion of mutation]
  5064 | D:6      | Gained mutation: You are partially covered in thin metallic
                  | scales. (AC +2) [potion of mutation]
  5064 | D:6      | Lost mutation: You tend to lose your temper in combat.
                  | [potion of mutation]
  5091 | D:6      | Found a bloodstained altar of Trog.
  5268 | D:6      | Found an ornate altar of the Wu Jian Council.
  5268 | D:6      | Found a blossoming altar of Fedhas.
  5269 | D:6      | Found a stormy altar of Qazlal.
  5329 | D:7      | Found a snail-covered altar of Cheibriados.
  5375 | D:7      | Identified the Tome of Earthen Evil Rituals
  5378 | D:7      | Noticed Joseph
  5381 | D:7      | Paralysed by Joseph for 2 turns
  5385 | D:7      | Killed Joseph
  5385 | D:7      | Reached skill level 9 in Unarmed Combat
  5642 | D:7      | Reached XP level 9. HP: 91/91 MP: 8/8
  6035 | D:7      | Reached skill level 10 in Unarmed Combat
  6376 | D:8      | Found a stormy altar of Qazlal.
  6670 | D:8      | Reached skill level 11 in Unarmed Combat
  7162 | D:9      | Reached XP level 10. HP: 98/101 MP: 9/9
  7232 | D:9      | Reached ***** piety under Trog
  7381 | D:9      | Noticed a manticore
  7389 | D:9      | Killed a manticore
  7648 | D:9      | Noticed a gargoyle
  7652 | D:9      | Killed a gargoyle
  7662 | D:9      | Noticed a gargoyle
  7668 | D:9      | Noticed a gargoyle
  7790 | D:9      | Killed a gargoyle
  7790 | D:9      | Reached skill level 12 in Unarmed Combat
  7790 | D:9      | Noticed a gargoyle
  7792 | D:9      | Noticed a gargoyle
  7802 | D:9      | Killed a gargoyle
  7804 | D:9      | Killed a gargoyle
  7808 | D:9      | Killed a gargoyle
  8340 | D:9      | Reached skill level 13 in Unarmed Combat
  8536 | D:10     | Entered Level 10 of the Dungeon
  8612 | D:10     | Found a staircase to the Orcish Mines.
  8671 | D:10     | Found Vogeohut's Armour Boutique.
  8700 | Orc:1    | Entered Level 1 of the Orcish Mines
  8807 | D:10     | Found Xotuw's Magic Scroll Emporium.
  8842 | D:10     | Bought a scroll of blinking for 82 gold pieces
  8842 | D:10     | Bought a scroll of blinking for 82 gold pieces
  8842 | D:10     | Bought a scroll of blinking for 82 gold pieces
  8903 | D:10     | Reached XP level 11. HP: 111/111 MP: 10/10
  8916 | D:10     | Noticed Fannar
  8927 | D:10     | Killed Fannar
  9251 | D:10     | Noticed a two-headed ogre
  9267 | D:10     | Killed a two-headed ogre
  9267 | D:10     | Reached skill level 14 in Unarmed Combat
  9337 | D:10     | Found a staircase to the Lair.
  9382 | D:10     | Got a bound silver ring
  9563 | D:10     | Got a steaming flail
  9854 | D:11     | Found a shimmering altar of Xom.
  9896 | D:11     | Noticed a brown ugly thing
  9909 | D:11     | Killed a brown ugly thing
  9970 | D:11     | Reached skill level 5 in Fighting
 10347 | D:12     | Noticed a two-headed ogre
 10356 | D:12     | Killed a two-headed ogre
 10630 | D:12     | Reached skill level 15 in Unarmed Combat
 10659 | D:12     | Reached skill level 1 in Armour
 10939 | D:12     | Gained mutation: You are weak. (Str -2) [a neqoxec]
 11109 | D:12     | Killed an unseen horror
 11109 | D:12     | Reached XP level 12. HP: 90/122 MP: 6/11
 11110 | D:12     | Lost mutation: You are weak. (Str -2) [potion of mutation]
 11110 | D:12     | Lost mutation: You are robust. (+10% HP) [potion of
                  | mutation]
 11110 | D:12     | Gained mutation: You are robust. (+10% HP) [potion of
                  | mutation]
 11110 | D:12     | Gained mutation: You are very robust. (+20% HP) [potion of
                  | mutation]
 11166 | D:12     | Received a gift from Trog
 11935 | D:13     | Found a gate to the Vaults.
 12144 | D:13     | Noticed a centaur warrior
 12159 | D:13     | Killed a centaur warrior
 12159 | D:13     | Reached skill level 16 in Unarmed Combat
 12211 | D:13     | Noticed a two-headed ogre
 12217 | D:13     | Killed a two-headed ogre
 12573 | D:13     | Noticed a centaur warrior
 12586 | D:13     | Killed a centaur warrior
 13291 | Orc:1    | Found a roughly hewn altar of Beogh.
 13446 | Orc:2    | Entered Level 2 of the Orcish Mines
 13573 | Orc:2    | Found a staircase to the Elven Halls.
 13782 | Orc:2    | Noticed Josephine
 13817 | Orc:2    | Killed Josephine
 13817 | Orc:2    | Received a gift from Trog
 13827 | Orc:2    | Reached XP level 13. HP: 141/144 MP: 10/12
 13836 | Orc:2    | Identified the +8 flail of Infinite Pain {drain, rC+ Str+2
                  | Int-3 Stlth+} (You found it on level 10 of the Dungeon)
 13872 | Orc:2    | Found a roughly hewn altar of Beogh.
 13949 | Orc:2    | Reached skill level 17 in Unarmed Combat
 14248 | Orc:2    | Reached ****** piety under Trog
 14722 | Orc:2    | Found Pejemen's Weapon Shop.
 14722 | Orc:2    | Found Vaahu's Armour Emporium.
 14722 | Orc:2    | Found Zedisk's General Store.
 14722 | Orc:2    | Found Roystri's General Store.
 14754 | Orc:2    | Bought a scroll of magic mapping for 49 gold pieces
 14754 | Orc:2    | Bought a potion of heal wounds for 70 gold pieces
 14754 | Orc:2    | Bought a ration for 70 gold pieces
 14755 | Orc:2    | Bought a ration for 70 gold pieces
 14755 | Orc:2    | Bought a scroll of teleportation for 42 gold pieces
 14755 | Orc:2    | Bought a ration for 70 gold pieces
 14755 | Orc:2    | Bought a potion of haste for 140 gold pieces
 14959 | Lair:1   | Entered Level 1 of the Lair of Beasts
 15189 | Lair:1   | Received a gift from Trog
 15501 | Lair:1   | Reached skill level 18 in Unarmed Combat
 16123 | Lair:2   | Reached skill level 10 in Dodging
 16439 | Lair:2   | Found a snail-covered altar of Cheibriados.
 16771 | Lair:2   | Reached skill level 5 in Armour
 16776 | Lair:2   | Received a gift from Trog
 17331 | Lair:3   | Identified a scroll of acquirement
 17350 | Lair:3   | Reached XP level 14. HP: 111/159 MP: 9/13
 17376 | Lair:3   | Identified the ring "Pouhuc" {Fire +Fly rN+ Int+2 Dex+4}
                  | (You found it on level 10 of the Dungeon)
 17398 | Lair:3   | Found a dark tunnel.
 17403 | Volcano  | Entered a volcano
 18158 | Lair:3   | Found a runed translucent door.
 18159 | Lair:3   | Noticed Queq Uja's ghost (journeyman DEEn)
 18266 | Lair:3   | Found a blossoming altar of Fedhas.
 18308 | Lair:3   | Noticed Gastronok
 18315 | Lair:3   | Killed Gastronok
 18477 | Lair:4   | You fall through a shaft for 2 floors!
 18477 | Lair:6   | Entered Level 6 of the Lair of Beasts
 18477 | Lair:6   | Found a gateway to Hell.
 18477 | Lair:6   | Found a burning altar of Makhleb.
 18535 | Lair:6   | Received a gift from Trog
 18548 | Lair:6   | Found a staircase to the Slime Pits.
 20789 | Lair:5   | Reached XP level 15. HP: 178/178 MP: 14/14
 20849 | Lair:4   | Received a gift from Trog
 21140 | Lair:4   | Found a staircase to the Snake Pit.
 21225 | Lair:4   | Reached skill level 10 in Fighting
 22182 | Snake:1  | Entered Level 1 of the Snake Pit
 22420 | Snake:1  | Reached skill level 1 in Shields
 22506 | Snake:1  | Noticed Aizul
 22516 | Snake:1  | Killed Aizul
 22530 | Snake:1  | Identified Roxanne's Handbook of the Mountains
 22530 | Snake:1  | Noticed Roxanne
 22536 | Snake:1  | Killed Roxanne
 22674 | Snake:1  | Received a gift from Trog
 22782 | Snake:1  | Noticed Louise
 22794 | Snake:1  | Killed Louise
 23632 | Snake:2  | Found Uvveh's Food Shoppe.
 23640 | Snake:2  | Bought a ration for 55 gold pieces
 23640 | Snake:2  | Bought a ration for 55 gold pieces
 23640 | Snake:2  | Bought a ration for 55 gold pieces
 23640 | Snake:2  | Bought a ration for 55 gold pieces
 23640 | Snake:2  | Bought a ration for 55 gold pieces
 23640 | Snake:2  | Bought a ration for 55 gold pieces
 23640 | Snake:2  | Bought a ration for 55 gold pieces
 23640 | Snake:2  | Bought a ration for 55 gold pieces
 23640 | Snake:2  | Bought a ration for 55 gold pieces
 23640 | Snake:2  | Bought a ration for 55 gold pieces
 23640 | Snake:2  | Bought a ration for 55 gold pieces
 23640 | Snake:2  | Bought a ration for 55 gold pieces
 23640 | Snake:2  | Bought a ration for 55 gold pieces
 23640 | Snake:2  | Bought a ration for 55 gold pieces
 24231 | Snake:2  | Noticed Nikola
 24365 | Snake:2  | Found a white marble altar of Elyvilon.
 24522 | Snake:2  | Killed Nikola
 24566 | Snake:2  | Noticed Donald
 24576 | Snake:2  | Killed Donald
 24576 | Snake:2  | Reached skill level 5 in Shields
 25048 | Snake:3  | Identified the ring "Bulaggaj" {Dex+5 Slay+2}
 25800 | Snake:4  | Entered Level 4 of the Snake Pit
 25807 | Snake:3  | Reached XP level 16. HP: 194/194 MP: 15/15
 25907 | Snake:4  | Found a frozen archway.
 25924 | IceCv    | Entered an ice cave
 26165 | IceCv    | Received a gift from Trog
 26551 | IceCv    | Noticed an Ice Fiend
 26574 | IceCv    | Killed an Ice Fiend
 26648 | IceCv    | Got a polished hat
 26654 | IceCv    | Identified the +1 hat "Maipp" {Int+4} (You found it in an
                  | ice cave)
 27204 | Snake:4  | Reached skill level 10 in Shields
 27570 | Snake:4  | Found Suelimn's Book Emporium.
 27662 | Snake:4  | Received a gift from Trog
 28348 | Snake:4  | Reached XP level 17. HP: 177/206 MP: 16/16
 28466 | Snake:4  | Got a serpentine rune of Zot
 28931 | Snake:4  | Received a gift from Trog
 29894 | Lair:3   | Found a staircase to the Swamp.
 30030 | Swamp:1  | Entered Level 1 of the Swamp
 31133 | Swamp:2  | Noticed a tentacled monstrosity
 31145 | Swamp:2  | Killed a tentacled monstrosity
 32099 | Swamp:3  | Received a gift from Trog
 32777 | Swamp:4  | Entered Level 4 of the Swamp
 32878 | Swamp:4  | Reached XP level 18. HP: 204/218 MP: 17/17
 33600 | Swamp:4  | Reached skill level 15 in Shields
 33700 | Swamp:4  | Received a gift from Trog
 33896 | Swamp:4  | Got a decaying rune of Zot
 34242 | Vaults:1 | Entered Level 1 of the Vaults
 34543 | Vaults:1 | Reached skill level 19 in Unarmed Combat
 34634 | Vaults:1 | Found Dyfakk's Magic Scroll Emporium.
 34647 | Vaults:1 | Bought a scroll of magic mapping for 49 gold pieces
 34647 | Vaults:1 | Bought a scroll of blinking for 105 gold pieces
 34647 | Vaults:1 | Bought a scroll of teleportation for 42 gold pieces
 34647 | Vaults:1 | Bought a scroll of magic mapping for 49 gold pieces
 34647 | Vaults:1 | Bought a scroll of blinking for 105 gold pieces
 34647 | Vaults:1 | Bought a scroll of identify for 28 gold pieces
 34647 | Vaults:1 | Bought a scroll of fear for 49 gold pieces
 34673 | Vaults:1 | Found Kochebe's Antique Weapon Emporium.
 34745 | Vaults:1 | Received a gift from Trog
 34835 | Vaults:1 | Paralysed by a great orb of eyes for 5 turns
 35212 | Vaults:1 | Found Icid Kopt's General Store.
 35238 | Vaults:1 | Bought a potion of curing for 39 gold pieces
 35238 | Vaults:1 | Bought a potion of curing for 39 gold pieces
 35238 | Vaults:1 | Bought a wand of clouds (6) for 390 gold pieces
 35238 | Vaults:1 | Bought the amulet of Vitality {Regen+ HP+15} for 1027 gold
                  | pieces
 35238 | Vaults:1 | Found the amulet of Vitality {Regen+ HP+15}
 35245 | Vaults:1 | Found Benwedom's Magic Scroll Shoppe.
 35255 | Vaults:1 | Bought a scroll of blinking for 135 gold pieces
 36109 | Vaults:2 | Reached XP level 19. HP: 220/230 MP: 13/18
 36118 | Vaults:2 | Received a gift from Trog
 36208 | Vaults:2 | Reached skill level 20 in Unarmed Combat
 37002 | Vaults:2 | Received a gift from Trog
 37344 | Vaults:2 | Reached skill level 21 in Unarmed Combat
 37911 | Vaults:3 | Found a staircase to the Crypt.
 37911 | Vaults:3 | Found an ancient bone altar of Kikubaaqudgha.
 37912 | Vaults:3 | Found a basalt altar of Yredelemnul.
 38164 | Vaults:3 | Received a gift from Trog
 38254 | Vaults:3 | Identified the -6 large shield of Divine Intervention {rF+
                  | Str+4}
 38254 | Vaults:3 | Noticed Mennas
 38501 | Vaults:3 | Killed Mennas
 39217 | Vaults:4 | Noticed Boris
 39318 | Vaults:4 | Reached XP level 20. HP: 244/244 MP: 19/19
 39472 | Vaults:4 | Reached skill level 22 in Unarmed Combat
 39551 | Vaults:4 | Killed Boris
 39763 | Vaults:4 | Found a glowing silver altar of Zin.
 40556 | Vaults:5 | Entered Level 5 of the Vaults
 40579 | Vaults:5 | Found the ring of Phasing {EV+8}
 40806 | D:14     | Received a gift from Trog
 40942 | D:14     | Found Porchere's Magic Scroll Boutique.
 40950 | D:14     | Bought a scroll of blinking for 105 gold pieces
 40950 | D:14     | Bought a scroll of enchant armour for 105 gold pieces
 40950 | D:14     | Bought a scroll of immolation for 49 gold pieces
 40950 | D:14     | Bought a scroll of holy word for 105 gold pieces
 40950 | D:14     | Bought a scroll of teleportation for 42 gold pieces
 40950 | D:14     | Bought a scroll of enchant armour for 105 gold pieces
 40950 | D:14     | Bought a scroll of fear for 49 gold pieces
 40950 | D:14     | Bought a scroll of enchant armour for 105 gold pieces
 40950 | D:14     | Bought a scroll of blinking for 105 gold pieces
 41342 | D:15     | Entered Level 15 of the Dungeon
 41595 | D:15     | Found a staircase to the Depths.
 41700 | D:15     | Found a hide-covered altar of Uskayaw.
 41937 | D:15     | Got an ichor-stained robe
 41938 | D:15     | Identified the +4 robe of Perpetual Drought {Int+5} (You
                  | found it on level 15 of the Dungeon)
 42208 | Depths:1 | Entered Level 1 of the Depths
 42287 | Depths:1 | Noticed Boris
 42294 | Depths:1 | Killed Boris
 42294 | Depths:1 | Reached skill level 23 in Unarmed Combat
 42711 | Depths:1 | Found a runed translucent gate.
 42712 | Depths:1 | Found a runed translucent gate.
 42717 | Depths:1 | Found a runed translucent gate.
 42981 | Depths:1 | Received a gift from Trog
 43351 | Depths:2 | Reached skill level 15 in Fighting
 43431 | Depths:2 | Found a gateway to a ziggurat.
 43538 | Depths:2 | Reached XP level 21. HP: 197/261 MP: 20/20
 44047 | Depths:2 | Found Ritzow's Jewellery Shop.
 44245 | Depths:2 | Noticed a greater mummy
 44458 | Depths:2 | Noticed a greater mummy
 44521 | Depths:2 | Killed a greater mummy
 44562 | Depths:2 | Killed a greater mummy
 44631 | Depths:2 | Noticed a greater mummy
 44632 | Depths:2 | Found the +7 sceptre of Torment {pain, torment}
 44887 | Depths:3 | Received a gift from Trog
 45087 | Depths:3 | Found a one-way gate leading to the halls of Pandemonium.
 45246 | Depths:3 | Identified the amulet "Igouj" {Harm *Drain Int+5}
 45297 | Depths:3 | Found a one-way gate to the infinite horrors of the Abyss.
 46072 | Depths:3 | Noticed Margery
 46079 | Depths:3 | Killed Margery
 46093 | Depths:3 | Received a gift from Trog
 46256 | Depths:4 | Noticed Mara
 46267 | Depths:4 | Noticed Htamos's illusion
 46424 | Depths:4 | Noticed Htamos's illusion
 46543 | Depths:5 | Entered Level 5 of the Depths
 46544 | Depths:5 | Paralysed by a lich for 2 turns
 46719 | Depths:5 | Reached XP level 22. HP: 284/284 MP: 21/21
 46814 | Depths:5 | Found a gate to the Realm of Zot.
 46988 | Depths:5 | Noticed a juggernaut
 46994 | Depths:5 | Killed a juggernaut
 48353 | Vaults:5 | Received a gift from Trog
 48570 | Vaults:5 | Got a silver rune of Zot
 48582 | Vaults:5 | Identified the cursed +1 chain mail "Ciklug" {rPois Slay+5}
 48902 | Vaults:5 | Identified the amulet "Kipiluho" {RegenMP rC+ rN++ SInv
                  | Stlth-}
 48922 | Vaults:5 | Received a gift from Trog
 49259 | Elf:1    | Entered Level 1 of the Elven Halls
 49267 | Elf:1    | Reached XP level 23. HP: 307/307 MP: 22/22
 49353 | Elf:1    | Found a runed translucent gate.
 49354 | Elf:1    | Found a runed translucent gate.
 49355 | Elf:1    | Found a runed translucent gate.
 49356 | Elf:1    | Noticed DawwaD's ghost (journeyman MiBe)
 49357 | Elf:1    | Noticed Fuonemn's ghost (veteran DDBe)
 49414 | Elf:1    | Noticed Agnes
 49424 | Elf:1    | Killed Agnes
 49674 | Elf:1    | Received a gift from Trog
 49787 | Elf:1    | Received a gift from Trog
 50319 | Elf:2    | Found a runed translucent gate.
 50319 | Elf:2    | Found a runed translucent gate.
 50319 | Elf:2    | Found a runed translucent gate.
 50563 | Elf:2    | Received a gift from Trog
 50768 | Elf:3    | Entered Level 3 of the Elven Halls
 50985 | Elf:3    | Found Ipnoj's Elven Fire.
 51890 | Elf:3    | Identified the +3 battleaxe of Youthful Indiscretion
                  | {freeze, +Inv}
 51892 | Elf:3    | Received a gift from Trog
 51914 | Elf:3    | Identified the +1 chain mail of Mufoxoet {Slay+5}
 51914 | Elf:3    | Identified the amulet of Hall {Gourm rF++ rC+ rN+ MR+}
 52063 | Elf:3    | Identified the ring "Eseihoj" {rPois rN++ EV+2 Dex-4
                  | Stlth+}
 52920 | Elf:3    | Got a twisted hat
 52921 | Elf:3    | Identified the cursed -1 hat of the Page of Pentacles {+Inv
                  | rElec rCorr Slay-3} (You found it on level 3 of the Elven
                  | Halls)
 52924 | Elf:3    | Identified Nustrodus's Compendium of Congealing Clay
 53406 | Depths:4 | Received a gift from Trog
 53638 | Depths:4 | Noticed Xtahua
 53901 | Zot:1    | Entered Level 1 of the Realm of Zot
 54100 | Zot:1    | Noticed a curse toe
 54110 | Zot:1    | Killed a curse toe
 54203 | Zot:1    | Reached XP level 24. HP: 245/327 MP: 22/22
 55311 | Zot:2    | Noticed an orb of fire
 55316 | Zot:2    | Gained mutation: You have a pair of small horns on your
                  | head. [an orb of fire]
 55322 | Zot:2    | Gained mutation: You are dopey. (Int -2) [an orb of fire]
 55329 | Zot:2    | Gained mutation: You are clumsy. (Dex -2) [an orb of fire]
 55438 | Zot:2    | Gained mutation: Your magical capacity is low. (-10% MP)
                  | [an orb of fire]
 55439 | Zot:2    | Gained mutation: Your body sometimes deteriorates upon
                  | taking damage. [an orb of fire]
 55450 | Zot:2    | Killed an orb of fire
 56669 | Zot:3    | Noticed an orb of fire
 56690 | Zot:3    | Killed an orb of fire
 56955 | Zot:3    | Found a runed translucent door.
 56956 | Zot:3    | Found a shimmering altar of Xom.
 56956 | Zot:3    | Noticed Rihien's ghost (legendary DsWn)
 57096 | Zot:3    | Received a gift from Trog
 58017 | Zot:4    | Reached XP level 25. HP: 336/336 MP: 19/19
 58602 | Zot:5    | Entered Level 5 of the Realm of Zot
 59084 | Zot:5    | Got a warped cloak
 59085 | Zot:5    | Identified the +3 cloak of Wrong Decisions {+Blink rN+
                  | rCorr SInv} (You found it on level 5 of the Realm of Zot)
 59336 | Zot:5    | Noticed an ancient lich
 59345 | Zot:5    | Killed an ancient lich
 59372 | Zot:5    | Noticed a Killer Klown
 59373 | Zot:5    | Noticed a Killer Klown
 59380 | Zot:5    | Noticed an orb of fire
 59388 | Zot:5    | Gained mutation: You are very dopey. (Int -4) [an orb of
                  | fire]
 59394 | Zot:5    | Lost mutation: You are very robust. (+20% HP) [an orb of
                  | fire]
 59400 | Zot:5    | Gained mutation: You occasionally shout uncontrollably at
                  | your foes. [an orb of fire]
 59402 | Zot:5    | Gained mutation: Armour fits poorly on your strangely
                  | shaped body. [an orb of fire]
 59412 | Zot:5    | Gained mutation: You tend to lose your temper in combat.
                  | [an orb of fire]
 59417 | Zot:5    | Lost mutation: You are robust. (+10% HP) [an orb of fire]
 59423 | Zot:5    | HP: 4/297 [orb of fire/bolt of fire (31)]
 59424 | Zot:5    | Gained mutation: Your spells are a little easier to cast,
                  | but a little less powerful. [an orb of fire]
 59425 | Zot:5    | Killed from afar by an orb of fire

Skill      XL: |  1  2  3  4  5  6  7  8  9 10 11 12 13 14 15 16 17 18 19 20 21 22 23 24 25 |
---------------+----------------------------------------------------------------------------+-----
Dodging        | 3 4 5 6 7 8 9 10 11 12 | 12.1
Unarmed Combat | 4 6 7 9 11 13 15 16 18 19 21 23 | 23.0
Fighting       | 3 4 5 7 9 11 12 13 15 17 20 21 22 | 22.0
Armour         | 1 3 5 6 |  6.9
Shields        | 7 11 14 15 18 19 | 19.8

Action                   |  1- 3 |  4- 6 |  7- 9 | 10-12 | 13-15 | 16-18 | 19-21 | 22-24 | 25-27 || total
-------------------------+-------+-------+-------+-------+-------+-------+-------+-------+-------++-------
Melee: Unarmed           |   127 |   155 |   312 |   562 |  1131 |  1603 |  1350 |  1426 |   182 ||  6848
       Dagger            |     4 |       |       |       |       |       |       |       |       ||     4
       Punch             |       |     1 |    12 |    43 |    98 |       |       |       |       ||   154
       Headbutt          |       |       |       |       |       |       |       |   126 |    68 ||   194
Throw: Tomahawk          |       |     2 |       |       |       |       |       |       |       ||     2
Invok: Berserk           |       |     2 |     3 |     7 |    14 |    10 |     4 |     6 |     1 ||    47
       Brothers in Arms  |       |       |     1 |       |    10 |     2 |    14 |    14 |     3 ||    44
       Trog's Hand       |       |       |       |       |     4 |     1 |       |     8 |     2 ||    15
Evoke: Wand              |       |       |       |    19 |     6 |       |    12 |    11 |       ||    48
       Lamp of fire      |       |       |       |     1 |       |     1 |     2 |       |       ||     4
       Phial of floods   |       |       |       |       |       |       |       |     2 |       ||     2
       Phantom mirror    |       |       |       |       |       |       |       |     1 |       ||     1
       Box of beasts     |       |       |       |       |       |       |       |       |     1 ||     1
  Use: Scroll            |     2 |     5 |     6 |    13 |    26 |    14 |    31 |    21 |     3 ||   121
       Potion            |       |       |     4 |     5 |    14 |     2 |     9 |    14 |     6 ||    54
 Stab: Sleeping          |     1 |       |       |       |     1 |       |     1 |       |       ||     3
       Paralysed         |       |       |       |     2 |       |       |       |       |       ||     2
       Distracted        |       |       |       |       |       |       |     2 |     1 |       ||     3
       Confused          |       |       |       |       |       |       |     1 |       |       ||     1
       Fleeing           |       |       |       |       |       |       |     1 |       |       ||     1
       Invisible         |       |       |       |       |       |       |       |     2 |       ||     2
  Eat: Chunk             |    19 |     9 |    38 |    67 |   103 |    86 |   104 |    68 |    10 ||   504
       Ration            |       |     1 |     2 |       |     6 |     7 |       |    14 |       ||    30
Armor: Animal skin       |    66 |    45 |    80 |    30 |       |       |       |       |       ||   221
       Troll leather arm |       |       |       |    93 |   213 |   212 |   149 |    75 |       ||   742
       Robe              |       |       |       |    27 |       |       |       |       |       ||    27
       Fire dragon scale |       |       |       |       |       |    14 |       |       |       ||    14
       Swamp dragon scal |       |       |       |       |       |     1 |       |       |       ||     1
       Gold dragon scale |       |       |       |       |       |       |       |    91 |    35 ||   126
Dodge: Dodged            |    74 |    82 |   156 |   282 |   518 |   508 |   304 |   211 |    21 ||  2156
Block: Large shield      |       |       |       |       |    88 |  1203 |  1019 |  1097 |   187 ||  3594
       Shield            |       |       |       |       |    72 |   132 |       |       |       ||   204
